PBL
NEW YORK METS @ CHICAGO CUBS
03/24/2071
 
TOP OF THE 1ST
New York Mets batting - Pitching for Chicago Cubs : RHP Jeff Frank
Pitching: RHP Jeff Frank
Batting: RHB David López 0-0: Ball
1-0: Fly out, F8 (Flyball, 8LM, EV 81.3 MPH)
Batting: LHB Gustavo Costello 0-0: Called Strike
0-1: Ball
1-1: Ball
2-1: Ball
3-1: Fly out, F9 (Flyball, 89S, EV 90.0 MPH)
Batting: RHB Rich Stairs 0-0: Ball
1-0: Ball
2-0: Swinging Strike
2-1: Swinging Strike
2-2: Foul Ball, location: 2F
2-2: Ground out 6-3 (Groundball, 6, EV 95.0 MPH)
Top of the 1st over - 0 runs, 0 hits, 0 errors, 0 left on base; New York 0 - Chicago 0
BOTTOM OF THE 1ST
Chicago Cubs batting - Pitching for New York Mets : RHP James Reeves
Pitching: RHP James Reeves
Batting: LHB Orlando Melero 0-0: Ball
1-0: Swinging Strike
1-1: Ball
2-1: Swinging Strike
2-2: Foul Ball, location: 2F
2-2: SINGLE (Groundball, 4MD, EV 101.3 MPH)
Batting: RHB Chee-hwa Foong 0-0: Ball
1-0: Fly out, F9 (Line Drive, 9, EV 91.3 MPH)
Batting: SHB Jesús Mora 0-0: Called Strike
Orlando Melero steals 2nd base
0-1: Ground out 5-3 (Groundball, 56, EV 85.0 MPH)
Orlando Melero to third
Batting: SHB George Moore 0-0: Foul Ball, location: 7LDF
0-1: Ball
1-1: Foul Ball, location: 7LDF
1-2: Strikes out swinging
Bottom of the 1st over - 0 runs, 1 hit, 0 errors, 1 left on base; New York 0 - Chicago 0
TOP OF THE 2ND
New York Mets batting - Pitching for Chicago Cubs : RHP Jeff Frank
Batting: LHB Bob Mack 0-0: Swinging Strike
0-1: Ball
1-1: SOLO HOME RUN (Flyball, 7LD, EV 95.6 MPH), Distance : 352 ft
Batting: RHB Yoriyuki Iwata 0-0: Swinging Strike
0-1: Ball
1-1: Swinging Strike
1-2: Strikes out swinging
Batting: LHB Pablo Sánchez 0-0: Ball
1-0: Ball
2-0: Ball
3-0: Called Strike
3-1: SINGLE (Line Drive, 7LS, EV 102.5 MPH)
Batting: RHB Jack McConnell 0-0: Ball
1-0: Fly out, F8 (Flyball, 8RM, EV 99.4 MPH)
Batting: RHB Jerome Morales 0-0: Foul Ball, location: 2F
0-1: Foul Ball, location: 3F
0-2: Strikes out looking
Top of the 2nd over - 1 run, 2 hits, 0 errors, 1 left on base; New York 1 - Chicago 0
BOTTOM OF THE 2ND
Chicago Cubs batting - Pitching for New York Mets : RHP James Reeves
Batting: RHB Pedro Hernández 0-0: Called Strike
0-1: Foul Ball, location: 9LSF
0-2: Fly out, F6 (Popup, 6MS, EV 71.3 MPH)
Batting: RHB Iván Valpreda 0-0: Fly out, F4 (Popup, 23, EV 93.8 MPH)
Batting: LHB Nolan Elías 0-0: Fly out, F8 (Flyball, 78XD, EV 93.8 MPH)
Bottom of the 2nd over - 0 runs, 0 hits, 0 errors, 0 left on base; New York 1 - Chicago 0
TOP OF THE 3RD
New York Mets batting - Pitching for Chicago Cubs : RHP Jeff Frank
Batting: RHB José Ramírez 0-0: Foul Ball, location: 2F
0-1: Called Strike
0-2: Strikes out swinging
Batting: RHB David López 0-0: Ball
1-0: Called Strike
1-1: Ground out U3 (Groundball, 34, EV 96.9 MPH)
Batting: LHB Gustavo Costello 0-0: Ball
1-0: Foul Ball, location: 2F
1-1: Called Strike
1-2: Ground out 4-3 (Groundball, 4S, EV 71.3 MPH)
Top of the 3rd over - 0 runs, 0 hits, 0 errors, 0 left on base; New York 1 - Chicago 0
BOTTOM OF THE 3RD
Chicago Cubs batting - Pitching for New York Mets : RHP James Reeves
Batting: RHB José Rodríguez 0-0: SINGLE (Line Drive, 9LS, EV 88.8 MPH)
Batting: RHB Lorne Roach 0-0: Ball
1-0: Ball
2-0: Fly out, F5 (Popup, 5SF, EV 76.9 MPH)
Batting: LHB Orlando Melero 0-0: Called Strike
0-1: Foul Ball, location: 2F
0-2: Strikes out swinging
Batting: RHB Chee-hwa Foong 0-0: Ball
1-0: Ball
2-0: Foul Ball, location: 9LMF
2-1: SINGLE (Groundball, 56, EV 102.5 MPH)
José Rodríguez to second
Batting: SHB Jesús Mora 0-0: Fly out, F8 (Line Drive, 8RD, EV 98.8 MPH)
Bottom of the 3rd over - 0 runs, 2 hits, 0 errors, 2 left on base; New York 1 - Chicago 0
TOP OF THE 4TH
New York Mets batting - Pitching for Chicago Cubs : RHP Jeff Frank
Batting: RHB Rich Stairs 0-0: Ball
1-0: Ball
2-0: Swinging Strike
2-1: Fly out, F7 (Flyball, 78S, EV 89.4 MPH)
Batting: LHB Bob Mack 0-0: Ball
1-0: Foul Ball, location: 3DF
1-1: Foul Ball, location: 7LMFF
1-2: Foul Ball, location: 2F
1-2: Ball
2-2: Ball
3-2: Foul Ball, location: 2RF
3-2: Fly out, F8 (Flyball, 8LM, EV 97.5 MPH)
Batting: RHB Yoriyuki Iwata 0-0: Ball
1-0: SINGLE (Groundball, 15S, EV 68.8 MPH) (infield hit)
Batting: LHB Pablo Sánchez 0-0: Ball
1-0: Ball
2-0: Ground out 4-3 (Groundball, 3, EV 90.0 MPH)
Top of the 4th over - 0 runs, 1 hit, 0 errors, 1 left on base; New York 1 - Chicago 0
BOTTOM OF THE 4TH
Chicago Cubs batting - Pitching for New York Mets : RHP James Reeves
Batting: SHB George Moore 0-0: Fly out, F9 (Flyball, 9, EV 78.8 MPH)
Batting: RHB Pedro Hernández 0-0: Called Strike
0-1: Called Strike
0-2: Ball
1-2: Fly out, F4 (Popup, 4, EV 58.1 MPH)
Batting: RHB Iván Valpreda 0-0: Called Strike
0-1: Ball
1-1: Ground out 1-3 (Groundball, 15, EV 67.5 MPH)
Bottom of the 4th over - 0 runs, 0 hits, 0 errors, 0 left on base; New York 1 - Chicago 0
TOP OF THE 5TH
New York Mets batting - Pitching for Chicago Cubs : RHP Jeff Frank
Batting: RHB Jack McConnell 0-0: Called Strike
0-1: Fly out, F8 (Flyball, 8RXD, EV 83.1 MPH)
Batting: RHB Jerome Morales 0-0: Ball
1-0: Ball
2-0: Called Strike
2-1: Ground out 6-3 (Groundball, 6, EV 103.1 MPH)
Batting: RHB José Ramírez 0-0: Ball
1-0: Fly out, F6 (Line Drive, 6M, EV 62.5 MPH)
Top of the 5th over - 0 runs, 0 hits, 0 errors, 0 left on base; New York 1 - Chicago 0
BOTTOM OF THE 5TH
Chicago Cubs batting - Pitching for New York Mets : RHP James Reeves
Pitching: RHP Steve Swift
Now at C: Howard Williams
Now at 2B: Gerald McCoy
Now at 3B: Eric Figgitt
Batting: LHB Nolan Elías 0-0: Ball
1-0: Called Strike
1-1: Ball
2-1: SINGLE (Groundball, 56S, EV 65.0 MPH) (infield hit)
Pinch Hitting: LHB Hunter Mathis 0-0: Foul Ball, location: 5F
0-1: Foul Ball, location: 3DF
0-2: Ball
1-2: Foul Ball, location: 2F
1-2: Strikes out looking
Batting: RHB Lorne Roach 0-0: SINGLE (Groundball, 34, EV 107.5 MPH)
Nolan Elías to second
Batting: LHB Orlando Melero 0-0: Ball
1-0: Fielders Choice at 2nd, 3-6 (Groundball, 34, EV 103.1 MPH)
Nolan Elías to third
Pinch Hitting: LHB Yan Peltier 0-0: Ball
1-0: Called Strike
1-1: Ball
Orlando Melero steals 2nd base
2-1: Called Strike
2-2: Strikes out swinging
Bottom of the 5th over - 0 runs, 2 hits, 0 errors, 2 left on base; New York 1 - Chicago 0
TOP OF THE 6TH
New York Mets batting - Pitching for Chicago Cubs : RHP Jeff Frank
Now at SS: Eddie Brown
Now in LF: Yan Peltier
Batting: RHB David López 0-0: Ball
1-0: Ball
2-0: Called Strike
2-1: Foul Ball, location: 5F
2-2: Ball
3-2: Ground out 4-3 (Groundball, 4M, EV 81.9 MPH)
Pinch Hitting: SHB Tsuneari Yamaguchi 0-0: Ball
1-0: Foul Ball, location: 7LSF
1-1: Ball
2-1: Ball
3-1: Called Strike
3-2: Strikes out swinging
Batting: RHB Rich Stairs 0-0: Fly out, F3 (Popup, 3S, EV 83.1 MPH)
Top of the 6th over - 0 runs, 0 hits, 0 errors, 0 left on base; New York 1 - Chicago 0
BOTTOM OF THE 6TH
Chicago Cubs batting - Pitching for New York Mets : RHP Steve Swift
Pitching: RHP Patrick Farmer
Now in CF: Tsuneari Yamaguchi
Pinch Hitting: RHB José Rodríguez 0-0: Swinging Strike
0-1: Ball
1-1: Foul Ball, location: 9LSF
1-2: SINGLE (Flyball, 4D, EV 95.0 MPH)
Batting: SHB George Moore 0-0: Ball
1-0: Foul Ball, location: 2F
1-1: Foul Ball, location: 7LSF
1-2: Ball
2-2: Fly out, F7 (Line Drive, 78M, EV 108.1 MPH)
Batting: RHB Pedro Hernández 0-0: Ball
1-0: Ball
2-0: Foul Ball, location: 2F
2-1: 2-RUN HOME RUN (Flyball, 7D, EV 97.5 MPH), Distance : 390 ft
Batting: RHB Iván Valpreda 0-0: Ball
1-0: Called Strike
1-1: Ball
2-1: Foul Ball, location: 2F
2-2: Ball
3-2: Foul Ball, location: 2F
3-2: Ground out U3 (Groundball, 34S, EV 69.4 MPH)
Batting: LHB Nolan Elías 0-0: Ground out U3 (Groundball, 3, EV 91.3 MPH)
Bottom of the 6th over - 2 runs, 2 hits, 0 errors, 0 left on base; New York 1 - Chicago 2
TOP OF THE 7TH
New York Mets batting - Pitching for Chicago Cubs : RHP Jeff Frank
Pitching: LHP Jemi Hudson
Now at 2B: José Rodríguez
Batting: LHB Bob Mack 0-0: Called Strike
0-1: Ground out 5-3 (Groundball, 56S, EV 68.1 MPH)
Batting: RHB Eric Figgitt 0-0: Called Strike
0-1: Ball
1-1: Ball
2-1: Swinging Strike
2-2: Ball
3-2: Strikes out swinging
Batting: LHB Pablo Sánchez 0-0: Swinging Strike
0-1: Called Strike
0-2: Ball
1-2: Foul Ball, location: 7LSF
1-2: Ball
2-2: Strikes out looking
Top of the 7th over - 0 runs, 0 hits, 0 errors, 0 left on base; New York 1 - Chicago 2
BOTTOM OF THE 7TH
Chicago Cubs batting - Pitching for New York Mets : RHP Patrick Farmer
Batting: RHB Eddie Brown 0-0: Ball
1-0: Ball
2-0: Ball
3-0: Called Strike
3-1: Swinging Strike
3-2: Base on Balls
Batting: RHB Lorne Roach 0-0: Called Strike
0-1: Fly out, F9 (Line Drive, 9S, EV 91.9 MPH)
Pitching: RHP Keith McCain
Batting: LHB Orlando Melero 0-0: Ball
1-0: Ball
2-0: Called Strike
2-1: Called Strike
2-2: Ball
3-2: SINGLE (Flyball, 7LS, EV 93.1 MPH)
Eddie Brown to second
Batting: LHB Yan Peltier 0-0: Called Strike
0-1: Ball
1-1: Fielders Choice at 2nd, 5-4 (Groundball, 56, EV 85.6 MPH)
Eddie Brown to third
Batting: RHB José Rodríguez 0-0: Foul Ball, location: 2F
0-1: Called Strike
0-2: Ball
1-2: Strikes out swinging
Bottom of the 7th over - 0 runs, 1 hit, 0 errors, 2 left on base; New York 1 - Chicago 2
TOP OF THE 8TH
New York Mets batting - Pitching for Chicago Cubs : LHP Jemi Hudson
Pitching: RHP Culley Morgan
Batting: RHB Gerald McCoy 0-0: Swinging Strike
0-1: Called Strike
0-2: Foul Ball, location: 2F
0-2: Ball
1-2: Strikes out swinging
Batting: RHB Howard Williams 0-0: Ball
1-0: Ball
2-0: Ball
3-0: Foul Ball, location: 2F
3-1: Swinging Strike
3-2: Base on Balls
Batting: RHB José Ramírez 0-0: Ball
1-0: Called Strike
1-1: Foul Ball, location: 2F
1-2: Strikes out swinging
Batting: RHB David López 0-0: Foul Ball, location: 9LMF
0-1: Ball
1-1: Foul Ball, location: 2F
1-2: Strikes out swinging
Top of the 8th over - 0 runs, 0 hits, 0 errors, 1 left on base; New York 1 - Chicago 2
BOTTOM OF THE 8TH
Chicago Cubs batting - Pitching for New York Mets : RHP Keith McCain
Pitching: LHP Chris Cooley
Batting: SHB George Moore 0-0: Called Strike
0-1: Ball
1-1: Ball
2-1: Foul Ball, location: 3F
2-2: Ball
3-2: Base on Balls
Batting: RHB Robert Picot 0-0: Ball
1-0: Foul Ball, location: 3F
1-1: Foul Ball, location: 9LSF
1-2: Ground out U3 (Groundball, 3S, EV 68.8 MPH)
George Moore to second
Batting: RHB Iván Valpreda 0-0: Intentional Walk
Batting: LHB Nolan Elías 0-0: Ball
1-0: Fly out, F9 (Line Drive, 89M, EV 95.0 MPH)
Batting: RHB Eddie Brown 0-0: Foul Ball, location: 23F
0-1: Swinging Strike
0-2: Strikes out swinging
Bottom of the 8th over - 0 runs, 0 hits, 0 errors, 2 left on base; New York 1 - Chicago 2
TOP OF THE 9TH
New York Mets batting - Pitching for Chicago Cubs : RHP Culley Morgan
Pitching: RHP Richard Jackson
Batting: SHB Tsuneari Yamaguchi 0-0: Swinging Strike
0-1: Foul Ball, location: 7LDF
0-2: Foul Ball, location: 2F
0-2: Hit by Pitch
Batting: RHB Rich Stairs 0-0: SINGLE (Flyball, 4D, EV 97.5 MPH)
Tsuneari Yamaguchi to second
Batting: LHB Bob Mack 0-0: Ball
1-0: Ball
2-0: Foul Ball, location: 2F
2-1: Grounds into double play, 4-6-3 (Groundball, 4, EV 99.4 MPH)
Tsuneari Yamaguchi to third
Batting: RHB Eric Figgitt 0-0: Ball
1-0: Foul Ball, location: 2F
1-1: SINGLE (Line Drive, 8RS, EV 98.1 MPH)
Tsuneari Yamaguchi scores
Batting: LHB Pablo Sánchez 0-0: Fly out, F7 (Flyball, 7LMF, EV 76.3 MPH)
Top of the 9th over - 1 run, 2 hits, 0 errors, 1 left on base; New York 2 - Chicago 2
BOTTOM OF THE 9TH
Chicago Cubs batting - Pitching for New York Mets : LHP Chris Cooley
Pitching: RHP Tristan Donovan
Batting: RHB Lorne Roach 0-0: Called Strike
0-1: Foul Ball, location: 5FF
0-2: Strikes out swinging
Batting: LHB Orlando Melero 0-0: Ground out 3-1 (Groundball, 34, EV 95.6 MPH)
Batting: LHB Yan Peltier 0-0: Swinging Strike
0-1: SINGLE (Line Drive, 4D, EV 100.6 MPH)
Batting: RHB José Rodríguez 0-0: Ball
1-0: Ground out 5-3 (Groundball, 56S, EV 85.0 MPH)
Bottom of the 9th over - 0 runs, 1 hit, 0 errors, 1 left on base; New York 2 - Chicago 2
Wednesday, April 3rd , 2024 - OOTP Baseball 24.10 Build 82